 Dungeon Crawl Stone Soup version 0.29.0-15-g675c0067aa (webtiles) character file.

Game seed: 12133614779375678370

30 qw the Sneak (level 3, -23/23 HPs)
             Began as a Gargoyle Delver on Sept 11, 2022.
             Annihilated by an ogre
             ... wielding a +0 giant spiked club
              (34 damage)
             ... on level 5 of the Dungeon.
             The game lasted 00:00:02 (45 turns).

qw the Sneak (Gargoyle Delver)                        Turns: 45, Time: 00:00:03

Health: -23/23     AC:  6    Str: 17    XL:     3   Next: 18%
Magic:  3/3        EV: 11    Int: 10    God:
Gold:   0          SH:  0    Dex: 11    Spells: 2/2 levels left

rFire   . . .      SeeInvis .   a - +0 hand axe
rCold   . . .      Faith    .   (no shield)
rNeg    + . .      Spirit   .   b - +0 leather armour
rPois   inf        Reflect  .   (no helmet)
rElec   +          Harm     .   (no cloak)
rCorr   .          Rampage  .   (no gloves)
Will    .....                   (no boots)
Stlth   +++.......              (no amulet)
HPRegen 0.07/turn               (no ring)
MPRegen 0.08/turn               (no ring)

@: no status effects
A: sickness immunity, AC +3, negative energy resistance 1, electricity
resistance, torment resistance 1, petrification resistance
a: no special abilities


You were on level 5 of the Dungeon.
You visited 1 branch of the dungeon, and saw 1 of its levels.


Innate Abilities, Weirdness & Mutations

You are immune to sickness and miasma.
Your stone body is resilient. (AC +3)
You are immune to poison.
You resist negative energy. (rN+)
You are resistant to electric shocks. (rElec)
You are resistant to unholy torment.
You are immune to petrification.


   Skills:
 - Level 3.2 Fighting
 + Level 3.2 Axes
 - Level 1.5 Dodging
 - Level 5.4 Stealth


You had 2 spell levels left.
You didn't know any spells.
Your spell library was empty.

Inventory:

Hand Weapons
 a - a +0 hand axe (weapon)
Armour
 b - a +0 leather armour (worn)
 h - a +1 pair of boots
Wands
 g - a wand of digging (3)
Scrolls
 c - a scroll of fog
 d - a scroll of magic mapping
 e - a scroll of fear
Potions
 f - a potion of haste

Dungeon Overview and Level Annotations

Branches:
Dungeon (5/15)
 Temple: D:4-7

Altars:


Message History

The hound closely misses you.
The jelly moves out of view.
You hit the hound but do no damage.
The hound is almost dead.
The hound bites you but does no damage. The hound closely misses you.
You closely miss the hound.
The hound is almost dead.
The hound bites you but does no damage. The hound closely misses you.
You hit the hound.
You kill the hound!
Your Axes skill gained 2 levels and is now at level 3!
You have reached level 2!
You have reached level 3!
Your experience leads to an increase in your attributes!
Increase (S)trength, (I)ntelligence, or (D)exterity?
You feel stronger. x2
You start resting.
An ogre is nearby!
30 ||| Stepping ~*~*~tactically~*~*~ (stealth).
You start resting.
An ogre is nearby!
39 ||| Stepping ~*~*~tactically~*~*~ (stealth).
Throw: javelin
Press: ? - help, Q - select action Shift-Dir - straight line, f - ogre You throw a javelin.
The javelin pierces through the ogre!
The ogre is moderately wounded.
You hit the ogre but do no damage.
The ogre is moderately wounded.
The ogre barely misses you.
You hit the ogre.
The ogre is heavily wounded.
You barely miss the ogre.
The ogre is heavily wounded.
The ogre barely misses you.
You hit the ogre.
The ogre is severely wounded.
The ogre hits you with a +0 giant spiked club!
You hit the ogre.
The ogre is severely wounded.
The ogre hits you with a +0 giant spiked club!!
Ouch! That really hurt!
You die...

########### ..
#.........# ..
#.........# ..
#.........# .# ###
#....>....# .# ....
#........@##.#....O
#.........O#.......
#.)................
#..........#(......
#..........#.#.....
##########...# ....
##... ... ... ..
.... .


You could see an ogre.

Vanquished Creatures
  A hound (D:5)
1 creature vanquished.

Notes
Turn   | Place    | Note
-------+----------+-------------------------------------------
     0 | D:5      | qw the Gargoyle Delver began the quest for the Orb.
     0 | D:5      | Reached XP level 1. HP: 14/14 MP: 1/1
     0 | D:5      | 0 ||| qw: Version: 0.1-a-117-gfe26ee0
     0 | D:5      | 0 ||| qw: Game counter: 9976
     0 | D:5      | 0 ||| qw: Always use a shield: true
     0 | D:5      | 0 ||| qw: God list: Okawaru
     0 | D:5      | 0 ||| qw: Allow faded altars: false
     0 | D:5      | 0 ||| qw: Do Orc after D:15 true
     0 | D:5      | 0 ||| qw: Do second Lair branch before Depths: true
     0 | D:5      | 0 ||| qw: Lair rune preference: random
     0 | D:5      | 0 ||| qw: Plans: Normal
     0 | D:5      | 0 ||| PLANNING D:1-11
    14 | D:5      | Noticed an ogre
    15 | D:5      | 15 ||| Stepping ~*~*~tactically~*~*~ (stealth).
    16 | D:5      | Noticed a hound
    17 | D:5      | 17 ||| Stepping ~*~*~tactically~*~*~ (stealth).
    19 | D:5      | 19 ||| Stepping ~*~*~tactically~*~*~ (stealth).
    25 | D:5      | Noticed a jelly
    28 | D:5      | Killed a hound
    29 | D:5      | Reached skill level 3 in Axes
    29 | D:5      | Reached XP level 2. HP: 16/19 MP: 2/2
    29 | D:5      | Reached XP level 3. HP: 20/23 MP: 3/3
    30 | D:5      | 30 ||| Stepping ~*~*~tactically~*~*~ (stealth).
    39 | D:5      | 39 ||| Stepping ~*~*~tactically~*~*~ (stealth).
    45 | D:5      | Annihilated by an ogre

Levels and vault maps discovered:
D:5:      layout_rooms, uniq_prince_ribbit1

Skill      XL: |  1 |
---------------+----+-----
Axes           | 3 |  3.2
Fighting       | |  3.2
Dodging        | |  1.5
Stealth        | |  5.4

Action                   || total
-------------------------++-------
Melee: Hand axe          ||    10
Throw: Javelin           ||     4
Armor: Leather armour    ||     4
Dodge: Dodged            ||     5

Table legend:
 A = Non-vault XP
 B = Vault XP
 C = Vault XP percentage of total XP
 D = Non-vault monster count
 E = Vault monster count
 F = Vault count percentage of total count
                 A         B        C        D         E       F
            +---------+---------+-------+---------+---------+-------
      Total |      43 |       0 |   0.0 |       1 |       0 |   0.0
            +---------+---------+-------+---------+---------+-------
        D:5 |      43 |       0 |   0.0 |       1 |       0 |   0.0
            +---------+---------+-------+---------+---------+-------
